 Dungeon Crawl Stone Soup version 0.31.0-11-ge490571c62 (webtiles) character file.

Game seed: 4049221913600123281

4979 Skeral the Caller (level 10, -1/53 HPs)
             Began as a Spriggan Summoner on Feb 2, 2024.
             Was an Initiate of Gozag.
             Engulfed by a cloud of flame (8 damage)
             ... on level 9 of the Dungeon on Feb 3, 2024.
             The game lasted 00:38:49 (8099 turns).

Skeral the Caller (Spriggan Summoner)               Turns: 8099, Time: 00:38:50

Health: -1/53      AC:  3    Str:  7    XL:     10   Next: 29%
Magic:  16/27      EV: 21    Int: 36    God:    Gozag
Gold:   462        SH:  0    Dex: 18    Spells: 5/19 levels left

rFire   . . .        w - +0 quarterstaff (drain)
rCold   . . .        (shield currently unavailable)
rNeg    . . .        a - +0 robe
rPois   .            (helmet restricted)
rElec   .            q - +0 cloak of Discretion {rCorr Int+8 Dex+3}
rCorr   +            (gloves unavailable)
SInv    +            (boots unavailable)
Will    ++...        (no amulet)
Stlth   ++           H - ring of Iklis {Will+ Str+3 Int+6}
HPRegen 0.28/turn    W - ring of magical power
MPRegen 0.20/turn

%: no passive effects
@: lethally poisoned (-1 -> -20), gold aura, very quick
A: very small, no large weapons, unfitting armour, see invisible, speed 3
a: Renounce Religion, Potion Petition, Call Merchant, Bribe Branch


You were on level 9 of the Dungeon.
You worshipped Gozag.
Gozag was aware of your devotion.
You visited 1 branch of the dungeon, and saw 9 of its levels.

You collected 1237 gold pieces.
You spent 745 gold pieces at shops.
You paid 30 gold pieces to Gozag.


Innate Abilities, Weirdness & Mutations

You are very small and have problems with some larger weapons.
You are too small for most types of armour.
You have supernaturally acute eyesight. (SInv)
You cover ground extremely quickly. (Speed+++)


   Skills:
 + Level 5.7 Fighting
 + Level 6.3 Dodging
 - Level 3.0 Stealth
 - Level 5.2 Spellcasting
 + Level 7.6 Summonings
 - Level 5.0 Fire Magic
 - Level 5.0 Air Magic
 + Level 4.6 Evocations


You had 5 spell levels left.
You knew the following spells:

 Your Spells              Type           Power      Damage    Failure   Level
c - Call Imp              Summ           100%       N/A       1%          2
f - Call Canine Familiar  Summ           59%        N/A       1%          3
g - Summon Blazeheart Go  Fire/Summ      53%        N/A       2%          4
l - Summon Lightning Spi  Summ/Air       53%        N/A       2%          4
s - Summon Small Mammal   Summ           100%       N/A       1%          1

Your spell library contained the following spells:

 Spells                   Type           Power      Damage    Failure   Level
 Swiftness                Air            45%        N/A       1%          3
 Apportation              Tloc           18%        N/A       3%          1
 Magic Dart               Conj           36%        1d4       3%          1
 Sandblast                Erth           18%        2d7       3%          1
 Blink                    Tloc           18%        N/A       6%          2
 Ensorcelled Hibernation  Hex/Ice        18%        N/A       6%          2
 Jinxbite                 Hex            18%        N/A       6%          2
 Passwall                 Erth           9%         N/A       12%         3
 Stone Arrow              Conj/Erth      18%        3d8       12%         3
 Brom's Barrelling Bould  Conj/Erth      9%         2d3       36%         4
 Passage of Golubria      Tloc           9%         N/A       36%         4
 Silence                  Hex/Air        13%        N/A       36%         5
 Alistair's Intoxication  Alch           6%         N/A       71%         5
 Lehudib's Crystal Spear  Conj/Erth      4%         10d3      100%        8

Inventory:

Hand Weapons
 d - a +0 short sword
   (You took it off a kobold on level 1 of the Dungeon)
 w - a +0 quarterstaff of draining (weapon)
   (You found it on level 6 of the Dungeon)
Missiles
 h - 7 poisoned darts
 p - a boomerang
Armour
 a - a +0 robe (worn)
 q - the +0 cloak of Discretion (worn) {rCorr Int+8 Dex+3}
   (You bought it in a shop on level 3 of the Dungeon)

   Int+8:     It affects your intelligence (+8).
   Dex+3:     It affects your dexterity (+3).
   rCorr:     It protects you from acid and corrosion.
 I - a +2 buckler
   (You found it on level 9 of the Dungeon)
Jewellery
 H - the ring of Iklis (left hand) {Will+ Str+3 Int+6}
   (You found it on level 8 of the Dungeon)

   [ring of intelligence]

   Str+3:     It affects your strength (+3).
   Int+6:     It affects your intelligence (+6).
   Will+:     It increases your willpower.
 W - a ring of magical power (right hand)
   (You found it on level 3 of the Dungeon)
Wands
 j - a wand of paralysis (3)
   (You found it on level 8 of the Dungeon)
 x - a wand of quicksilver (6)
   (You found it on level 6 of the Dungeon)
 y - a wand of flame (25)
   (You found it on level 7 of the Dungeon)
 z - a wand of digging (9)
   (You found it on level 7 of the Dungeon)
Scrolls
 c - 2 scrolls of blinking {unknown}
 e - a scroll of fear {unknown}
 f - a scroll of silence {unknown}
 k - a scroll of immolation {unknown}
 r - 2 scrolls of vulnerability {!r!r}
 s - 2 scrolls of fog {unknown}
 v - 2 scrolls of teleportation {@r4}
 B - a scroll of amnesia
 C - a scroll of poison {unknown}
 D - a scroll of enchant armour {unknown}
 F - a scroll of torment {unknown}
Potions
 b - 3 potions of magic
 g - a potion of cancellation {unknown}
 i - 2 potions of lignification {unknown}
 l - 3 potions of berserk rage {unknown}
 m - a potion of enlightenment {unknown}
 n - a potion of invisibility {unknown}
 o - 2 potions of haste {unknown}
 t - 2 potions of mutation {unknown}
 A - a potion of attraction {unknown}
 E - 2 potions of curing {@q1}
 G - a potion of brilliance {unknown}

Dungeon Overview and Level Annotations

Branches:
Dungeon (9/15) Zot: 26934  Temple (0/1) D:6
   Lair: D:8-11         Orc: D:9-12

Altars:
Ashenzari
Fedhas
Gozag
Hepliaklqana
Kikubaaqudgha
Makhleb
Qazlal
Ru
Sif Muna
Uskayaw
Vehumet
Wu Jian
Yredelemnul
The Shining One

Shops:
D:3 ([(!*   D:4 :   D:8 (

Annotations:
D:2 1 runed translucent door, Crazy Yiuf
D:6 Maggie
D:8 3 runed translucent doors, Bediveer's ghost, novice OnBr; VoidStrider's ghost, novice TeAE; ces's ghost, novice DjAE

#############
#............ #...
....... #... ......
#... #..#### #+#
#...###..##.####.#
#..$@○☼.8........#
#..5○○○..........#
#...ooo..........#
+.................#
##....####...##...####
#....# #...##...##..
#..... ..............
#....................
#.....................


You could see an orc wizard (invisible), 2 orcs, a friendly lightning spire
(summoned) and a friendly cerulean imp (summoned).


Message History

You now have 462 gold pieces (gained 11).
You swap places.
An orc wizard comes into view. It is wielding a +0 dagger.
The orc shouts! x2; You hear a shout! 😕 HP[+1]
An orc wizard and a water moccasin come into view.
The orc wizard is wielding a +2 dagger of venom.
The orc wizard shouts!
The orc wizard points at you and mumbles some strange words.
The puff of flame misses you.
An orc wizard comes into view. It is wielding a +0 dagger.
An orc comes into view. It is wielding a +0 morningstar.
Casting: Call Imp (safe; 1% risk of failure)
Confirm with . or Enter, or press ? or * to list all spells.
A fiery spirit appears, bound in slag iron.
Your cerulean imp hits the orc with a +1 spear.
The orc wizard points at you and mumbles some strange words.
The puff of flame misses you.
The orc wizard casts a spell.
The orc wizard flickers and vanishes for a moment.
An orc comes into view. It is wielding a +0 dagger.
The orc closely misses your cerulean imp. 😕 MP[-3]
You lost 3 mp, and now have 19/27 mp.
Casting: Summon Blazeheart Golem (dangerous; 2% risk of failure)
Confirm with . or Enter, or press ? or * to list all spells.
An electric hum fills the air.
Your cerulean imp hits the orc but does no damage.
The orc wizard gestures at you while chanting.
The magic dart hits you!
The orc closely misses your cerulean imp. 😕 HP[-10] MP[-4]
You take 10 damage, and now have 41/53 hp.
You lost 4 mp, and now have 15/27 mp.
Your blazeheart golem's core grows cold and it stops moving.
Your cerulean imp hits the orc but does no damage. 😕 HP[+1]
You swap places.
Your blazeheart golem's core flares to life once more.
Your inugami barely misses the orc.
Your blazeheart golem punches the orc!
The orc dies!
You miss the water moccasin.
The water moccasin completely misses you.
The orc closely misses your inugami. The water moccasin misses you.
Your cerulean imp closely misses the orc wizard.
You barely miss the water moccasin.
The water moccasin completely misses you.
Your inugami misses the water moccasin.
Your cerulean imp hits the orc wizard with a +1 spear.
Your blazeheart golem punches the orc wizard!
The water moccasin bites you.
You are poisoned.
The water moccasin poisons you! The orc misses you.
The orc wizard hits your blazeheart golem with a +2 dagger of venom.
Your inugami hits the water moccasin! 😕 HP[-1] MP[+1]
You take 1 damage, and now have 41/53 hp.
You miss the water moccasin.
You feel very sick.
Your cerulean imp closely misses the orc wizard.
The water moccasin bites you!
You are more poisoned.
The water moccasin poisons you! The orc barely misses you.
The orc wizard barely misses you.
The orc closely misses your cerulean imp.
Your inugami misses the water moccasin. The water moccasin bites you!
* * * LOW HITPOINT WARNING * * *
Your cerulean imp hits the orc wizard but does no damage.
Your blazeheart golem punches the orc wizard!
The orc wizard dies!
Your blazeheart golem falls apart, revealing its core! 😨 HP[-18]
You take 18 damage, and now have 23/53 hp.
MASSIVE DAMAGE!! (PAUSE)
You feel much better.
You feel very sick.
The fiery explosion engulfs the orc wizard!!!
You kill the orc wizard!
The fiery explosion engulfs the water moccasin!!
You kill the water moccasin!
The fiery explosion engulfs you!!
* * * LOW HITPOINT WARNING * * *
The fiery explosion engulfs your inugami!!
Your inugami disappears in a puff of smoke!
The orc misses you.
The orc hits your cerulean imp but does no damage.
The orc wizard hits you with a +0 dagger.
* * * LOW HITPOINT WARNING * * *
The orc hits you with a +0 morningstar!
* * * LOW HITPOINT WARNING * * *
Your cerulean imp misses the orc.
Your lightning spire shoots out a bolt of lightning at the orc!
The bolt of electricity hits the orc!
The orc dies! 😱 HP[-16]
You take 16 damage, and now have 7/53 hp.
MASSIVE DAMAGE!! (PAUSE)
You are engulfed in blazing flames.
You die...
Your body crumbles into a pile of gold.

Skill      XL: |  1  2  3  4  5  6  7  8  9 10 |
---------------+-------------------------------+-----
Spellcasting   | 3 4 5 |  5.2
Summonings     | 4 5 6 7 |  7.6
Dodging        | 3 4 5 6 |  6.3
Fighting       | 1 2 4 5 |  5.7
Fire Magic     | 1 2 4 5 |  5.0
Air Magic      | 1 2 4 5 |  5.0
Evocations     | 3 4 |  4.6
Stealth        | |  3.0

Action                     |  1- 3 |  4- 6 |  7- 9 | 10-12 || total
---------------------------+-------+-------+-------+-------++-------
  Melee: Unarmed           |    12 |       |       |       ||    12
         Short sword       |    50 |    58 |    17 |       ||   125
         Punch             |       |     1 |       |       ||     1
         Quarterstaff      |       |       |    85 |     9 ||    94
   Cast: Summon Small Mamm |    39 |    15 |    50 |       ||   104
         Call Imp          |    10 |    13 |    32 |     2 ||    57
         Call Canine Famil |     1 |    14 |    33 |     2 ||    50
         Summon Lightning  |       |       |     6 |     4 ||    10
         Summon Blazeheart |       |       |     3 |     5 ||     8
    Use: Potion            |       |       |     1 |     2 ||     3
         Scroll            |       |       |     6 |       ||     6
   Stab: Distracted        |     1 |     2 |       |       ||     3
         Sleeping          |     6 |     5 |       |       ||    11
 Armour: Robe              |    18 |    29 |    63 |    16 ||   126
  Dodge: Dodged            |    55 |    59 |   191 |    15 ||   320

Levels and vault maps discovered:
D:1:      tarquinn_simple_flora_water_f, layout_loops_ring
D:2:      layout_loops_ring, uniq_crazy_yiuf_cottage
D:3:      layout_loops_cross, fedhas_altar_1, nicolae_gozag_seed_capital,
          mainiacjoe_overflow_alcove_1, serial_shops, nicolae_shop_dealshenge,
          shop, shop, nicolae_shop_tiny_statue_garden, shop
D:4:      layout_rooms, tgw_sif, lemuel_crystal_altar, nicolae_custom_books,
          uniq_sigmund, uniq_pikel, uniq_robin
D:5:      minmay_chambers_of_fours, layout_layer_cave,
          grunt_temple_overflow_holy_war
D:6:      layout_basic, kennysheep_vampire_church, demons_altar,
          grunt_qazlal_clouds, minmay_temple_entry_glass, uniq_grinder,
          uniq_maggie
D:7:      layout_loops_cross, mainiacjoe_overflow_small_starburst,
          amcnicky_altar_gilded, mainiacjoe_overflow_catwalk
D:8:      layout_cave_pools, evilmike_ruin_ashenzari, serial_shops,
          nicolae_shop_stone, gammafunk_ghost_cemetery
D:9:      layout_gridville, mainiacjoe_overflow_tiny_flanked, elyvilon_altar_4

Notes
Turn   | Place    | Note
-------+----------+-------------------------------------------
     0 | D:1      | Skeral the Spriggan Summoner began the quest for the Orb.
     0 | D:1      | Reached XP level 1. HP: 9/9 MP: 5/5
     0 | D:1      | magus.rc [v1.10.3]
     2 | D:1      | magus.rc [v1.10.3]
   203 | D:1      | Reached skill level 3 in Spellcasting
   227 | D:1      | Reached XP level 2. HP: 9/13 MP: 2/7
   246 | D:1      | Learned a level 2 spell: Call Imp
   902 | D:2      | Reached XP level 3. HP: 16/16 MP: 5/9
   992 | D:2      | Learned a level 3 spell: Call Canine Familiar
  1040 | D:2      | You pick up a book of Burglary and begin reading...
  1040 | D:2      | You add the spells Ensorcelled Hibernation, Swiftness and
                  | Passwall to your library.
  1114 | D:2      | Reached skill level 4 in Spellcasting
  1274 | D:2      | You pick up a book of Party Tricks and begin reading...
  1274 | D:2      | You add the spells Apportation, Jinxbite and Alistair's
                  | Intoxication to your library.
  1283 | D:2      | Found a runed translucent door.
  1284 | D:2      | Noticed Crazy Yiuf
  1488 | D:2      | You pick up a book of the Moon and begin reading...
  1488 | D:2      | You add the spells Passage of Golubria, Silence and
                  | Lehudib's Crystal Spear to your library.
  1610 | D:2      | magus.rc [v1.10.3]
  1647 | D:3      | Reached skill level 4 in Summonings
  1649 | D:3      | Reached XP level 4. HP: 17/21 MP: 5/11
  1755 | D:2      | magus.rc [v1.10.3]
  1792 | D:3      | Found a blossoming altar of Fedhas.
  1810 | D:3      | Reached XP level 5. HP: 24/24 MP: 4/13
  1877 | D:3      | Found Keehuas's Distillery.
  1884 | D:3      | Found Syec's Weapon Emporium.
  1886 | D:3      | Bought a potion of curing for 39 gold pieces
  1957 | D:3      | Reached skill level 5 in Spellcasting
  2070 | D:3      | Found a hide-covered altar of Uskayaw.
  2119 | D:3      | You pick up a book of Minor Magic and begin reading...
  2119 | D:3      | You add the spells Magic Dart and Blink to your library.
  2125 | D:3      | Found Ziwei's Armour Shoppe.
  2208 | D:3      | Found Pagroime's Weapon Emporium.
  2233 | D:3      | Found Jackint's Assorted Antiques.
  2412 | D:3      | Found an opulent altar of Gozag.
  2458 | D:3      | Became a worshipper of Gozag Ym Sagoz the Greedy
  2572 | D:4      | Learned a level 4 spell: Summon Blazeheart Golem
  2577 | D:4      | Learned a level 4 spell: Summon Lightning Spire
  2659 | D:4      | Reached skill level 3 in Dodging
  2687 | D:4      | Noticed a lemure
  2689 | D:4      | Noticed a lemure
  2694 | D:4      | Reached XP level 6. HP: 27/29 MP: 14/14
  2694 | D:4      | Noticed Pikel
  2839 | D:3      | Reached skill level 1 in Fighting
  2839 | D:3      | Reached skill level 1 in Fire Magic
  2839 | D:3      | Reached skill level 1 in Air Magic
  3000 | D:4      | Found a hazy altar of Hepliaklqana.
  3051 | D:4      | Noticed Sigmund
  3061 | D:4      | You pick up a book of Geomancy and begin reading...
  3061 | D:4      | You add the spells Sandblast, Stone Arrow and Brom's
                  | Barrelling Boulder to your library.
  3094 | D:4      | Noticed Blork the orc
  3114 | D:5      | Entered Level 5 of the Dungeon
  3137 | D:5      | Reached skill level 4 in Dodging
  3147 | D:5      | Reached skill level 5 in Summonings
  3147 | D:5      | Reached XP level 7. HP: 23/34 MP: 11/15
  3334 | D:5      | Found a glowing golden altar of the Shining One.
  3336 | D:5      | Noticed an angel
  3352 | D:5      | Found a basalt altar of Yredelemnul.
  3354 | D:5      | Noticed a profane servitor
  3994 | D:6      | Noticed Grinder
  4009 | D:6      | Killed Grinder
  4010 | D:6      | Reached skill level 2 in Fighting
  4010 | D:6      | Reached skill level 2 in Fire Magic
  4010 | D:6      | Reached skill level 2 in Air Magic
  4089 | D:6      | Found an ancient bone altar of Kikubaaqudgha.
  4176 | D:6      | Noticed Maggie
  4254 | D:6      | Found a stormy altar of Qazlal.
  4278 | D:6      | Found a burning altar of Makhleb.
  4329 | D:6      | Reached XP level 8. HP: 32/39 MP: 16/16
  4421 | D:6      | Reached skill level 3 in Air Magic
  4428 | D:6      | Found a staircase to the Ecumenical Temple.
  4451 | D:6      | HP: 9/39 [ufetubus (1)]
  4590 | D:5      | magus.rc [v1.10.3]
  4737 | D:5      | Reached skill level 3 in Fighting
  4737 | D:5      | Reached skill level 3 in Fire Magic
  4956 | D:7      | Found a sacrificial altar of Ru.
  4966 | D:7      | HP: 10/40 [orc/+0 mace (3)]
  5195 | D:7      | Reached skill level 6 in Summonings
  5215 | D:7      | Reached skill level 4 in Air Magic
  5537 | D:6      | magus.rc [v1.10.3]
  5705 | D:7      | Reached skill level 4 in Fighting
  5757 | D:7      | Reached skill level 4 in Fire Magic
  5760 | D:7      | Reached XP level 9. HP: 22/45 MP: 17/17
  5810 | D:7      | Found an ornate altar of the Wu Jian Council.
  5877 | D:7      | Found a radiant altar of Vehumet.
  6001 | D:8      | Found Qoysk's Antique Weapon Shoppe.
  6119 | D:8      | Found a runed translucent gate.
  6120 | D:8      | Found a runed translucent gate.
  6121 | D:8      | Found a runed translucent gate.
  6142 | D:8      | Noticed a two-headed ogre
  6147 | D:8      | Noticed ces's ghost (novice DjAE)
  6147 | D:8      | Noticed VoidStrider's ghost (novice TeAE)
  6147 | D:8      | Noticed Bediveer's ghost (novice OnBr)
  6278 | D:8      | Found a broken altar of Ashenzari.
  6483 | D:4      | Killed Pikel
  6484 | D:4      | Reached skill level 5 in Air Magic
  6619 | D:4      | Killed Blork the orc
  6620 | D:4      | Reached skill level 5 in Fire Magic
  6626 | D:4      | Found a shimmering blue altar of Sif Muna.
  6697 | D:3      | Bought the +0 cloak of Discretion {rCorr Int+8 Dex+3} for
                  | 482 gold pieces
  6830 | D:3      | Bought a scroll of identify for 64 gold pieces
  6830 | D:3      | Bought a scroll labelled WATASIHISH for 32 gold pieces
  6830 | D:3      | Bought a potion of curing for 96 gold pieces
  6830 | D:3      | Bought a scroll labelled ACAMOLUHEH for 32 gold pieces
  6871 | D:4      | Killed Sigmund
  6872 | D:4      | Reached skill level 1 in Evocations
  6945 | D:4      | Noticed Robin
  6956 | D:4      | Killed Robin
  6985 | D:4      | Reached skill level 5 in Fighting
  6987 | D:4      | Reached skill level 7 in Summonings
  7076 | D:4      | Found Jyff's Self-Published Books.
  7434 | D:5      | Reached skill level 2 in Evocations
  7564 | D:8      | Killed a two-headed ogre
  7565 | D:8      | Reached skill level 5 in Dodging
  7565 | D:8      | Reached skill level 3 in Evocations
  7565 | D:8      | Reached XP level 10. HP: 51/51 MP: 18/18
  7634 | D:8      | Reached skill level 4 in Evocations
  7648 | D:8      | Reached skill level 6 in Dodging
  7672 | D:8      | Identified the ring of Iklis {Will+ Str+3 Int+6}
  8012 | D:9      | HP: 5/52 [steam dragon/ball of steam (18)]
  8098 | D:9      | HP: 7/53 [orc/+0 morningstar (8)]
  8099 | D:9      | Engulfed by a cloud of flame

Vanquished Creatures
  Pikel (D:4)
  A wyvern (D:5)
  An acid dragon (D:9)
  A water moccasin (D:9)
  A black bear (D:7)
  An ogre (D:5)
  A centaur (D:8)
  4 killer bees (D:8)
  A vampire bat (D:6)
  An orc priest (D:3)
  2 iron imps (D:6)
  3 orc wizards
  An adder (D:3)
  2 gnolls (D:4)
  A dart slug (D:5)
  3 orcs
  A bat skeleton (D:6)
  3 bat zombies (D:6)
  9 goblins
  5 hobgoblins
  A jackal (D:1)
  2 kobolds
  A quokka (D:1)
  3 ball pythons
  2 bats
  4 frilled lizards
  A rat (D:2)
57 creatures vanquished.

Vanquished Creatures (collateral kills)
  A two-headed ogre (D:8)
  Grinder (D:6)
  Sigmund (D:4)
  A wyvern (D:8)
  A steam dragon (D:9)
  4 black bears
  2 ice beasts (D:6)
  An ogre (D:7)
  3 phantoms
  2 bullfrogs
  Blork the orc (D:4)
  4 scorpions
  10 wights (D:8)
  A killer bee (D:8)
  A nameless horror (D:4)
  3 bombardier beetles
  An orc priest (D:3)
  An iron imp (D:6)
  3 iguanas (D:7)
  2 orc wizards
  Robin (D:4)
  2 gnolls (D:4)
  7 adders
  4 ufetubi
  A dart slug (D:5)
  4 ribbon worms
  13 orcs
  A ball python (D:2)
  4 bats
  2 bat skeletons (D:6)
  2 endoplasms
  A giant cockroach (D:1)
  6 hobgoblins
  7 jackals
  4 kobolds
  A quokka (D:2)
  2 frilled lizards
  5 goblins
  A rat (D:2)
112 creatures vanquished.

Vanquished Creatures (others)
  An ufetubus (D:6)
  6 blazeheart cores
7 creatures vanquished.

Grand Total: 176 creatures vanquished

Table legend:
 A = Non-vault XP
 B = Vault XP
 C = Vault XP percentage of total XP
 D = Non-vault monster count
 E = Vault monster count
 F = Vault count percentage of total count
                 A         B        C        D         E       F
            +---------+---------+-------+---------+---------+-------
      Total |    5246 |    1867 |  26.2 |     139 |      30 |  17.8
            +---------+---------+-------+---------+---------+-------
        D:1 |      37 |       0 |   0.0 |      21 |       0 |   0.0
        D:2 |      49 |       0 |   0.0 |      21 |       0 |   0.0
        D:3 |     323 |       0 |   0.0 |      19 |       0 |   0.0
        D:4 |     303 |     974 |  76.3 |      21 |      13 |  38.2
        D:5 |     338 |     447 |  56.9 |       5 |       6 |  54.5
        D:6 |     580 |     446 |  43.5 |      12 |      11 |  47.8
        D:7 |     858 |       0 |   0.0 |      14 |       0 |   0.0
        D:8 |    2194 |       0 |   0.0 |      19 |       0 |   0.0
        D:9 |     564 |       0 |   0.0 |       7 |       0 |   0.0
            +---------+---------+-------+---------+---------+-------

Skill      XL: |  1  2  3  4  5  6  7  8  9 10 |
---------------+-------------------------------+-----
Spellcasting   | 3 4 5 |  5.2
Summonings     | 4 5 6 7 |  7.6
Dodging        | 3 4 5 6 |  6.3
Fighting       | 1 2 4 5 |  5.7
Fire Magic     | 1 2 4 5 |  5.0
Air Magic      | 1 2 4 5 |  5.0
Evocations     | 3 4 |  4.6
Stealth        | |  3.0

Action                     |  1- 3 |  4- 6 |  7- 9 | 10-12 || total
---------------------------+-------+-------+-------+-------++-------
  Melee: Unarmed           |    12 |       |       |       ||    12
         Short sword       |    50 |    58 |    17 |       ||   125
         Punch             |       |     1 |       |       ||     1
         Quarterstaff      |       |       |    85 |     9 ||    94
   Cast: Summon Small Mamm |    39 |    15 |    50 |       ||   104
         Call Imp          |    10 |    13 |    32 |     2 ||    57
         Call Canine Famil |     1 |    14 |    33 |     2 ||    50
         Summon Lightning  |       |       |     6 |     4 ||    10
         Summon Blazeheart |       |       |     3 |     5 ||     8
    Use: Potion            |       |       |     1 |     2 ||     3
         Scroll            |       |       |     6 |       ||     6
   Stab: Distracted        |     1 |     2 |       |       ||     3
         Sleeping          |     6 |     5 |       |       ||    11
 Armour: Robe              |    18 |    29 |    63 |    16 ||   126
  Dodge: Dodged            |    55 |    59 |   191 |    15 ||   320

Illustrated notes

Table legend:
 A = Kills in this place as a percentage of kills in the entire game.
 B = Kills by you in this place as a percentage of kills by you in the entire game.
 C = Kills by friends in this place as a percentage of kills by friends in the entire game.
 D = Other kills in this place as a percentage of other kills in the entire game.
 E = Experience gained in this place as a percentage of experience gained in the entire game.
 F = Experience gained in this place divided by the number of levels of this place that you have seen.
                   A       B       C       D       E      F
               +-------+-------+-------+-------+-------+----------------------
         Total | 100.0 | 100.0 | 100.0 | 100.0 | 100.0 | 790.3
       Dungeon | 100.0 | 100.0 | 100.0 | 100.0 | 100.0 | 790.3
               +-------+-------+-------+-------+-------+----------------------

Table legend: (Time is in decaauts)
 A = Elapsed time spent in this place.
 B = Non-inter-level travel time spent in this place.
 C = Inter-level travel time spent in this place.
 D = Time resting spent in this place.
 E = Time spent auto-exploring this place.
 F = Levels seen in this place.
 G = Mean time per level.
                   A        B        C        D        E       F      G
               +--------+--------+--------+--------+--------+-----+--------+
         Total |   5653 |   5063 |    590 |    494 |   1660 |   9 |  628.1 |
       Dungeon |   5653 |   5063 |    590 |    494 |   1660 |   9 |  628.1 |
               +--------+--------+--------+--------+--------+-----+--------+

Top non-repeatable levels by time:
     D:5: 1048 daAuts
     D:3: 756 daAuts
     D:4: 719 daAuts
     D:6: 668 daAuts
     D:7: 622 daAuts
     D:1: 617 daAuts
     D:8: 591 daAuts
     D:2: 565 daAuts
     D:9: 65 daAuts
